 Dungeon Crawl Stone Soup version 0.31.0-12-g77e489cdc1 (webtiles) character file.

Game seed: 10558319746409534180

73652 eliilek the Warrior (level 15, 0/141 (147) HPs)
             Began as a Minotaur Fighter on Jan 24, 2024.
             Was an Elder of Ru.
             Slain by a jumping spider (12 damage)
             ... on level 1 of the Spider Nest on Feb 13, 2024.
             The game lasted 01:05:22 (21021 turns).

eliilek the Warrior (Minotaur Fighter)             Turns: 21021, Time: 01:05:23

HP:   0/141 (147)   AC:  3    Str: 25    XL:     15   Next: 4%
MP:   9/12          EV: 12    Int:  9    God:    Ru [****..]
Gold: 132           SH:  7    Dex: 13    Spells: 14/14 levels left

rFire   + + .        a - +8 flail "Qiafesoach" {drain, rC+}
rCold   + + +        c - +0 buckler
rNeg    . . .        u - +1 chain mail of Rapnev {-Cast Will+ Stlth+}
rPois   .            x - +2 hat
rElec   .            J - +0 cloak {rCorr}
rCorr   +            l - +0 pair of gloves of Myufig {rF+ rC+ Regen+ Int+4}
SInv    .            y - +1 pair of boots
Will    ++...        (no amulet) Stlth
                     E - ring of Xom's Amusement {rF+ rC+}
HPRegen 0.00/turn    A - +4 ring of protection
MPRegen 0.13/turn

%: no spellcasting
@: exhausted, corroded, inhibited regen, lightly drained
A: horns 2, low MP 1, inhibited regeneration, inability to read after injury 2,
inability to use devices, retaliatory headbutt
a: Renounce Religion, Draw Out Power, Power Leap


You were on level 1 of the Spider Nest.
You worshipped Ru.
Ru was greatly pleased with you.
You visited 4 branches of the dungeon, and saw 18 of its levels.

You collected 1709 gold pieces.
You spent 1577 gold pieces at shops.

Inventory:

Hand Weapons
 a - the +8 flail "Qiafesoach" (weapon) {drain, rC+}
   (You found it on level 1 of the Lair of Beasts)

   rC+:       It protects you from cold.
Missiles
 p - 39 poisoned darts (quivered)
 C - a throwing net
 F - 5 curare-tipped darts
Armour
 c - a +0 buckler (worn)
 l - the +0 pair of gloves of Myufig (worn) {rF+ rC+ Regen+ Int+4}
   (You found it on level 1 of the Spider Nest)

   Int+4:     It affects your intelligence (+4).
   rF+:       It protects you from fire.
   rC+:       It protects you from cold.
   Regen+:    It increases your rate of health regeneration.
 u - the +1 chain mail of Rapnev (worn) {-Cast Will+ Stlth+}
   (You found it on level 6 of the Dungeon)

   Will+:     It increases your willpower.
   -Cast:     It prevents spellcasting.
   Stlth+:    It makes you more stealthy.
 x - a +2 hat (worn)
 y - a +1 pair of boots (worn)
 J - a +0 cloak of preservation (worn)
Jewellery
 A - a +4 ring of protection (right hand)
 E - the ring of Xom's Amusement (left hand) {rF+ rC+}
   (You found it on level 3 of the Lair of Beasts)

   [ring of protection from cold]

   rF+:       It protects you from fire.
   rC+:       It protects you from cold.
 H - the ring of Disaster {Wiz Str+4}
   (You bought it in a shop on level 2 of the Orcish Mines)

   [ring of wizardry]

   Wiz:       It improves your spell success rate.
   Str+4:     It affects your strength (+4).
 I - a +6 ring of dexterity
Scrolls
 d - 3 scrolls of enchant weapon
 e - a scroll of brand weapon
 h - a scroll of summoning
 i - 3 scrolls of enchant armour
 j - 14 scrolls of teleportation
 k - 3 scrolls of amnesia
 o - a scroll of fear
 q - 4 scrolls of fog
 v - a scroll of torment
 z - 3 scrolls of identify
 D - 2 scrolls of poison
 K - a scroll of revelation {unknown}
Potions
 b - a potion of cancellation
 f - 6 potions of heal wounds
 m - 2 potions of enlightenment
 n - 4 potions of lignification
 r - a potion of haste
 s - 2 potions of resistance
 t - a potion of ambrosia
 w - a potion of attraction
 B - 2 potions of mutation
 G - a potion of might


   Skills:
 + Level 17.1 Fighting
 - Level 16.0 Maces & Flails
 + Level 16.5 Armour
 - Level 8.0 Dodging
 + Level 13.7 Shields


You had 14 spell levels left.
You didn't know any spells.
Your spell library contained the following spells:

 Spells                   Type           Power      Damage    Failure   Level
 Foxfire                  Conj/Fire      0%         2x1d4     80%         1
 Sandblast                Erth           0%         2d4       80%         1
 Ensorcelled Hibernation  Hex/Ice        0%         N/A       91%         2
 Scorch                   Fire           0%         2d5       91%         2
 Sublimation of Blood     Necr           0%         N/A       91%         2
 Fugue of the Fallen      Necr           0%         N/A       99%         3
 Passwall                 Erth           0%         N/A       99%         3
 Stone Arrow              Conj/Erth      0%         3d7       99%         3
 Swiftness                Air            0%         N/A       99%         3
 Tukima's Dance           Hex            0%         N/A       99%         3
 Anguish                  Hex/Necr       0%         N/A       100%        4
 Brom's Barrelling Bould  Conj/Erth      0%         2d3       100%        4
 Dimensional Bullseye     Hex/Tloc       0%         N/A       100%        4
 Flame Wave               Conj/Fire      0%         2d4       100%        4
 Iskenderun's Mystic Bla  Conj/Tloc      0%         2d3       100%        4
 Petrify                  Alch/Erth      0%         N/A       100%        4
 Fireball                 Conj/Fire      0%         3d3       100%        5
 Irradiate                Conj/Alch      0%         3d11      100%        5
 Iskenderun's Battlesphe  Conj           0%         2d6       100%        5
 Conjure Ball Lightning   Conj/Air       0%         3x3d6     100%        6
 Plasma Beam              Fire/Air       0%         2x1d10    100%        6
 Starburst                Conj/Fire      0%         6d3       100%        6
 Summon Cactus Giant      Summ           0%         N/A       100%        6
 Haunt                    Necr/Summ      0%         N/A       100%        7
 Orb of Destruction       Conj           0%         9d5       100%        7
 Borgnjor's Revivificati  Necr           0%         N/A       100%        8
 Death's Door             Necr           0%         N/A       100%        9


Dungeon Overview and Level Annotations

Branches:
Dungeon (10/15)            Temple (0/1) D:5            Lair (5/5) D:9
  Swamp (0/4) Lair:2       Spider (1/4) Lair:2        Slime (0/5) Lair:4
    Orc (2/2) D:10            Elf (0/3) Orc:2

Altars:
Makhleb
Nemelex Xobeh
Okawaru
Qazlal
Ru

Shops:
D:3 :??*   D:7 =(?(   D:10 *   Orc:2 (**!

Annotations:
D:8 3 runed translucent doors


Innate Abilities, Weirdness & Mutations

You have a pair of horns on your head.
Your magical capacity is low. (-10% MP)
You do not regenerate when monsters are visible.
You sometimes lose the ability to read scrolls when taking damage.
You cannot study or use magical devices.
You reflexively headbutt those who attack you in melee.


Message History

You redirect the tarantella's attack!
The tarantella touches itself!
The entropy weaver casts a spell at you.
The entropic weave corrodes you!
The entropy weaver gestures at you while chanting.
The entropic weave corrodes you!
The jumping spider leaps!
The jumping spider pounces on you.
* * * LOW HITPOINT WARNING * * *
You are caught in a web!
You focus your inner power and illuminate the jumping spider in retribution!
The jumping spider bites you.
* * * LOW HITPOINT WARNING * * *
There is a web, spattered with blood here.
You feel much better.
The jumping spider is stunned by your conviction and fails to attack.
The tarantella touches you.
* * * LOW HITPOINT WARNING * * *
You struggle to detach yourself from the web.
The jumping spider stops glowing.
You redirect the jumping spider's attack!
The jumping spider is stunned by your conviction and fails to attack.
The tarantella touches you.
* * * LOW HITPOINT WARNING * * *
The entropy weaver points at you and mumbles some strange words.
The entropic weave corrodes you!
The jumping spider pounces on you but does no damage.
The jumping spider bites you but does no damage.
The tarantella closely misses you. You furiously retaliate!
You headbutt the tarantella!
The web tears apart.
The jumping spider pounces on you!
* * * LOW HITPOINT WARNING * * *
You are caught in a web!
You focus your inner power and illuminate the jumping spider in retribution!
The jumping spider completely misses you.
The tarantella is stunned by your conviction and fails to attack.
Unknown command.
The web tears apart.
You block the jumping spider's attack.
The jumping spider bites you but does no damage.
The tarantella closely misses you. The jumping spider pounces on you!
You die...

####.#....##....###...#####.##..
...#....###..../..#..^[.[#...# #
.#...#........#..#..#.....# ..#
...###..#.##..#..#.#..##..#....#
.......#..#...##.##..##.....# .
.###...##.##......#.....#.#...#
..........#..#..###..####...#.#
^##..#..##...##sBs...#..#.#.# .#
#....#.#...#...#@###....##### .
.....###..#....#......###
#..####...#.##..###..^..# ...#
##..###....#†.#...# .###
##..###..#..<†#^#.# ##
#.....#...##..##.##
###.^[.##..#.## ## #^#####..###
### ####


You could see an entropy weaver, a jumping spider (corona) and a tarantella
(drained).

Vanquished Creatures
  Kirke (Lair:3)
  An orc warlord (Orc:2)
  5 dire elephants (Lair:5)
  A hydra (Lair:5)
  4 two-headed ogres
  A catoblepas (Lair:5)
  2 boulder beetles
  8 death yaks
  2 demonic crawlers (Spider:1)
  5 orc high priests (Orc:2)
  5 skysharks
  A spectral anaconda (Lair:5)
  An orb spider (Lair:2)
  A sun moth (Spider:1)
  5 orc knights
  An obsidian statue (Lair:5)
  4 orc sorcerers (Orc:2)
  Pikel (D:5)
  4 necromancers (Lair:5)
  12 elephants (Lair:5)
  Maurice (D:7)
  A cyclops (D:10)
  8 kobold blastminers
  A black mamba (Lair:5)
  Joseph (D:8)
  13 cane toads
  A gargoyle (D:10)
  A kobold demonologist (D:10)
  Jeremiah (D:7)
  An unseen horror (D:10)
  2 rime drakes (Lair:1)
  2 torpor snails
  6 komodo dragons
  Psyche (D:8)
  5 polar bears
  6 trolls
  Prince Ribbit (D:8)
  2 tarantellas (Spider:1)
  29 blink frogs
  2 culicivoras (Spider:1)
  Sigmund (D:5)
  A vampire (D:10)
  3 wyverns
  3 basilisks
  47 yaks
  A hog (Lair:3)
  8 redbacks (Spider:1)
  3 wargs
  A steam dragon (Lair:3)
  Menkaure (D:5)
  A death yak simulacrum (Lair:5)
  2 spectral cane toads (Lair:5)
  10 water moccasins
  A sky beast (D:7)
  An ice beast (D:6)
  16 ogres
  36 orc warriors
  15 wolves
  A centaur (D:6)
  A phantom (D:6)
  A lemure (D:5)
  5 kobold brigands
  9 bullfrogs
  A gnoll sergeant (D:6)
  4 scorpions
  9 wights
  An elephant simulacrum (Lair:5)
  4 electric eels
  A howler monkey (D:9)
  2 bombardier beetles
  31 orc priests
  2 hounds
  Crazy Yiuf (D:3)
  A sleepcap (D:6)
  3 iguanas
  13 orc wizards
  10 adders
  3 gnolls (D:5)
  2 shadow imps
  6 ufetubi
  3 dart slugs
  81 orcs
  5 ball pythons
  6 bats
  5 endoplasms
  5 giant cockroaches
  5 goblins
  11 hobgoblins
  18 kobolds
  5 quokkas
  A ball python skeleton (D:2)
  3 ball python zombies (D:2)
  5 frilled lizards
  13 rats
  2 butterflies (Lair:4)
580 creatures vanquished.

Vanquished Creatures (others)
  A hydra (Lair:5)
  A yak (Lair:1)
  An orc warrior (Orc:2)
  A cane toad simulacrum (Lair:5)
  An orc priest (Orc:2)
5 creatures vanquished.

Grand Total: 585 creatures vanquished

Notes
Turn   | Place    | Note
-------+----------+-------------------------------------------
     0 | D:1      | eliilek the Minotaur Fighter began the quest for the Orb.
     0 | D:1      | Reached XP level 1. HP: 19/19 MP: 0/0
   221 | D:1      | Reached XP level 2. HP: 27/27 MP: 1/1
   347 | D:1      | Reached skill level 4 in Fighting
   447 | D:1      | Reached XP level 3. HP: 23/33 MP: 2/2
  1120 | D:2      | Reached skill level 1 in Dodging
  1178 | D:2      | Reached XP level 4. HP: 40/40 MP: 3/3
  1712 | D:3      | Found Waets's Book Boutique.
  1744 | D:3      | Found Qonafir's Magic Scroll Boutique.
  1752 | D:3      | Bought a scroll of teleportation for 36 gold pieces
  1752 | D:3      | Bought a scroll of identify for 24 gold pieces
  1752 | D:3      | Bought a scroll of noise for 12 gold pieces
  1798 | D:3      | Reached skill level 5 in Armour
  1846 | D:3      | Reached XP level 5. HP: 18/47 MP: 4/4
  2002 | D:3      | Found a faded altar of an unknown god.
  2331 | D:3      | Found Xotiliorph's Magic Scroll Shop.
  2337 | D:3      | Bought a scroll of identify for 28 gold pieces
  2337 | D:3      | Bought a scroll of identify for 28 gold pieces
  2340 | D:3      | Found Jimawny's Assorted Antiques.
  2425 | D:3      | Found a runed translucent door.
  2426 | D:3      | Noticed Crazy Yiuf
  2461 | D:3      | Found a sacrificial altar of Ru.
  2469 | D:3      | Became a worshipper of Ru the Awakened
  2598 | D:3      | Killed Crazy Yiuf
  2745 | D:4      | Noticed an ogre
  2760 | D:4      | Killed an ogre
  2761 | D:4      | Reached skill level 5 in Fighting
  2761 | D:4      | Reached skill level 5 in Shields
  2761 | D:4      | Reached XP level 6. HP: 26/56 MP: 5/5
  3333 | D:4      | Found a stormy altar of Qazlal.
  3390 | D:4      | Reached XP level 7. HP: 50/61 MP: 6/6
  3477 | D:4      | Gained mutation: You occasionally lose the ability to read
                  | scrolls when taking damage. [Ru sacrifice]
  3477 | D:4      | Gained mutation: You sometimes lose the ability to read
                  | scrolls when taking damage. [Ru sacrifice]
  3477 | D:4      | Reached * piety under Ru
  3600 | D:5      | Entered Level 5 of the Dungeon
  3623 | D:5      | Identified the +4 flail of an ice cave {holy, *Slow rN+++
                  | Str+2 Stlth-}
  3682 | D:5      | Noticed Pikel
  3697 | D:5      | Killed Pikel
  3698 | D:5      | Reached skill level 6 in Fighting
  3791 | D:5      | Noticed Menkaure
  3800 | D:5      | Killed Menkaure
  3801 | D:5      | Reached skill level 5 in Maces & Flails
  3801 | D:5      | Reached XP level 8. HP: 58/70 MP: 7/7
  4033 | D:5      | Found a staircase to the Ecumenical Temple.
  4077 | D:5      | Noticed Sigmund
  4083 | D:5      | Killed Sigmund
  4456 | D:6      | Reached skill level 7 in Fighting
  4513 | D:6      | Found a burning altar of Makhleb.
  4513 | D:6      | Noticed a balrug
  4516 | D:6      | Noticed an orange demon
  4516 | D:6      | Noticed a hellwing
  4612 | D:6      | Identified the +1 chain mail of Rapnev {-Cast Will+ Stlth+}
  4795 | D:6      | Reached XP level 9. HP: 79/79 MP: 8/8
  4831 | D:7      | Found Ylapaof's Antique Weapon Shoppe.
  4846 | D:7      | Found Rusughia's Magic Scroll Shop.
  4869 | D:7      | Bought a scroll of identify for 26 gold pieces
  4869 | D:7      | Bought a scroll of identify for 26 gold pieces
  4869 | D:7      | Bought a scroll of identify for 26 gold pieces
  4994 | D:7      | Found a sparkling altar of Nemelex Xobeh.
  5031 | D:7      | Noticed Maurice
  5047 | D:7      | Something stole 122 gold
  5052 | D:7      | Killed Maurice
  5053 | D:7      | Reached skill level 8 in Fighting
  5082 | D:7      | Noticed Jeremiah
  5161 | D:7      | Killed Jeremiah
  5339 | D:7      | Found Cuegihac's Jewellery Shoppe.
  5889 | D:7      | Reached skill level 10 in Maces & Flails
  5938 | D:7      | Found Keero's Antique Weapon Boutique.
  5951 | D:7      | Gained mutation: You cannot study or use magical devices.
                  | [Ru sacrifice]
  5951 | D:7      | Reached ** piety under Ru
  5951 | D:7      | Reached *** piety under Ru
  6601 | D:8      | Reached XP level 10. HP: 52/90 MP: 9/9
  6737 | D:8      | Noticed Joseph
  6751 | D:8      | Killed Joseph
  6752 | D:8      | Reached skill level 9 in Fighting
  7211 | D:8      | Found a runed translucent gate.
  7211 | D:8      | Found a runed translucent gate.
  7212 | D:8      | Noticed a white ugly thing
  7213 | D:8      | You fall into a shaft and drop 2 floors!
  7213 | D:10     | Entered Level 10 of the Dungeon
  7213 | D:10     | Found a staircase to the Orcish Mines.
  7262 | D:10     | Reached skill level 10 in Armour
  7335 | D:9      | Noticed a two-headed ogre
  7362 | D:9      | Killed a two-headed ogre
  7596 | D:8      | Noticed Prince Ribbit
  7607 | D:8      | Killed Prince Ribbit
  7787 | D:8      | Noticed Psyche
  7808 | D:8      | Killed Psyche
  7809 | D:8      | Reached skill level 5 in Dodging
  7900 | D:8      | Found a runed translucent gate.
  7900 | D:8      | Noticed a purple ugly thing
  7901 | D:8      | Noticed a green ugly thing
  7901 | D:8      | Noticed a red ugly thing
  7994 | D:9      | Noticed a two-headed ogre
  7998 | D:9      | Reached skill level 10 in Fighting
  8017 | D:9      | Killed a two-headed ogre
  8018 | D:9      | Reached XP level 11. HP: 71/100 MP: 10/10
  8418 | D:9      | Noticed a two-headed ogre
  8427 | D:9      | Killed a two-headed ogre
  8582 | D:9      | Found a staircase to the Lair.
  8780 | Lair:1   | Entered Level 1 of the Lair of Beasts
  8795 | Lair:1   | Upgraded the game from 0.31.0-9-g3a7656b989 to
                  | 0.31.0-12-g77e489cdc1
  8849 | Lair:1   | Gained mutation: You do not regenerate when monsters are
                  | visible. [Ru sacrifice]
  8849 | Lair:1   | Reached **** piety under Ru
  9459 | Lair:1   | Identified the +8 flail "Qiafesoach" {drain, rC+}
  9753 | Lair:2   | Reached skill level 11 in Fighting
  9964 | Lair:2   | Found a staircase to the Swamp.
 10199 | Lair:2   | Found a hole to the Spider Nest.
 10199 | Lair:2   | Noticed an orb spider
 10229 | Lair:2   | Killed an orb spider
 10572 | Lair:3   | Identified the ring of Xom's Amusement {rF+ rC+}
 10711 | Lair:3   | Noticed a death yak
 10711 | Lair:3   | Noticed a death yak
 10712 | Lair:3   | Noticed a death yak
 10741 | Lair:3   | Killed a death yak
 10752 | Lair:3   | Killed a death yak
 10753 | Lair:3   | Reached XP level 12. HP: 106/110 MP: 11/11
 10753 | Lair:3   | Killed a death yak
 11204 | Lair:3   | Reached skill level 12 in Fighting
 11204 | Lair:3   | Reached skill level 15 in Maces & Flails
 11627 | Lair:4   | Noticed Kirke
 11646 | Lair:3   | Killed Kirke
 11751 | Lair:4   | Noticed a boulder beetle
 11765 | Lair:4   | Killed a boulder beetle
 11814 | Lair:4   | Found a staircase to the Slime Pits.
 12015 | Lair:4   | Reached skill level 13 in Fighting
 12045 | Lair:4   | Identified the +3 scale mail "Vised" {Dex+3}
 12693 | Lair:5   | Entered Level 5 of the Lair of Beasts
 12693 | Lair:5   | Noticed a five-headed hydra
 12703 | Lair:5   | Killed a five-headed hydra
 12704 | Lair:5   | Reached XP level 13. HP: 99/122 MP: 12/12
 13601 | Lair:5   | Reached skill level 14 in Fighting
 13945 | Lair:5   | Reached skill level 10 in Shields
 14240 | Lair:5   | Gained mutation: Your magical capacity is low. (-10% MP)
                  | [Ru sacrifice]
 14277 | Lair:5   | Noticed a dire elephant
 14277 | Lair:5   | Noticed a dire elephant
 14277 | Lair:5   | Noticed a dire elephant
 14278 | Lair:5   | Noticed a dire elephant
 14278 | Lair:5   | Noticed a dire elephant
 14288 | Lair:5   | Killed a dire elephant
 14428 | Lair:5   | Identified the +4 scale mail "Habel" {+Inv Will+ Dex-2}
 14480 | Lair:5   | Reached skill level 15 in Fighting
 14501 | Lair:5   | Identified the +3 great sword of Laceration {flame, rCorr}
 14648 | Lair:5   | Killed a dire elephant
 14655 | Lair:5   | Killed a dire elephant
 14665 | Lair:5   | Killed a dire elephant
 14694 | Lair:5   | Killed a dire elephant
 14695 | Lair:5   | Reached XP level 14. HP: 67/135 MP: 11/11
 15437 | Lair:5   | Reached skill level 15 in Armour
 16258 | D:10     | Found Deafuysh's General Store.
 16298 | D:10     | Bought a potion of heal wounds for 70 gold pieces
 16298 | D:10     | Bought a +1 pair of boots for 161 gold pieces
 16584 | Orc:1    | Entered Level 1 of the Orcish Mines
 17165 | Orc:2    | Entered Level 2 of the Orcish Mines
 17388 | Orc:2    | Reached skill level 16 in Fighting
 17908 | Orc:2    | Paralysed by an orc sorcerer for 5 turns
 18469 | Orc:2    | Found Kelay's Distillery.
 18531 | Orc:2    | Found Paummin's Assorted Antiques.
 18657 | Orc:2    | Bought a transparent bronze ring for 140 gold pieces
 18657 | Orc:2    | Identified the ring of Disaster {Wiz Str+4} (You bought it
                  | in a shop on level 2 of the Orcish Mines)
 18657 | Orc:2    | Bought an opal ring for 140 gold pieces
 18657 | Orc:2    | Bought an embroidered cloak for 210 gold pieces
 18967 | Orc:2    | Found a staircase to the Elven Halls.
 19332 | Orc:2    | Noticed an orc warlord
 19363 | Orc:2    | Killed an orc warlord
 19478 | Orc:2    | Found Maloubeb's Assorted Antiques.
 19550 | Orc:2    | Bought a glowing plate armour for 650 gold pieces
 19608 | Orc:2    | Found Immiex's Antique Weapon Emporium.
 20304 | Orc:1    | Found an iron altar of Okawaru.
 20516 | Spider:1 | Entered Level 1 of the Spider Nest
 20564 | Spider:1 | Identified the +0 pair of gloves of Myufig {rF+ rC+ Regen+
                  | Int+4}
 20622 | Spider:1 | Reached skill level 17 in Fighting
 20627 | Spider:1 | HP: 5/140 [culicivora (12)]
 20775 | Spider:1 | Reached XP level 15. HP: 83/147 MP: 12/12
 21021 | Spider:1 | Slain by a jumping spider

Illustrated notes

Levels and vault maps discovered:
D:1:      scummos_arrival_forest, layout_loops_ring,
          chequers_serial_rivers_micro_d, grunt_decor_mini_mirrors,
          serial_bayou_ford_a, serial_bayou_pond_b, hangedman_decor_riveting,
          dreamdust_princess_corridor
D:2:      layout_loops_ring, serial_undead, serial_undead_f, serial_undead_c,
          serial_undead_e, serial_undead_a
D:3:      minmay_spotlight, layout_basic, nicolae_ru_path_of_blood,
          hellmonk_ecumenical_altar_arch_garden, serial_shops,
          nicolae_diamond_shop, nicolae_book_shop_shelving,
          nicolae_shop_pleasant_corner_grove, shop, uniq_crazy_yiuf_cottage
D:4:      layout_gridville, nicolae_qazlal_general_emergency
D:5:      layout_rooms, minmay_temple_entry_overgrown, grunt_ministairs_11,
          chequers_decorated_corner, nicolae_twisty_statue_hallways, uniq_pikel,
          uniq_menkaure, uniq_sigmund
D:6:      layout_gridville, makhleb_altar_promises_db, minmay_misc_feat_plants,
          minmay_checkerbox
D:7:      layout_loops_corners, nemelex_spade_bored_becter, serial_shops,
          nicolae_shop_tiny_waterfront, nicolae_diamond_shop, shop, shop,
          uniq_maurice, uniq_jeremiah
D:8:      layout_basic, ploomutoo_gammafunk_ghost_potion_laboratory,
          nicolae_sextant, grunt_decor_resistance, uniq_psyche, uniq_joseph,
          uniq_prince_ribbit1
D:9:      layout_loops_ring, lair_entry_dummy
D:10:     layout_roguey, orc_0_dummy, serial_shops, shop
Lair:1:   layout_cave_pods
Lair:2:   layout_gridlike, minmay_swamp_entry_eels,
          nicolae_spider_entry_orb_guardian, chequers_serial_rivers_micro_c,
          chequers_serial_rivers_micro_c, grunt_megastairs_2, lemuel_fruit_tree
Lair:3:   layout_roguey
Lair:4:   layout_loops_ring, slime_entry_1, lemuel_fruit_fields, uniq_kirke
Lair:5:   due_jungle_book, layout_regular_city, serial_bayou_lagoon_b
Spider:1: layout_spider_delve, uniq_louise
Orc:1:    layout_diamond_mine, okawaru_metal_pillars_1_2
Orc:2:    pubby_orc_utopia

Skill      XL: |  1  2  3  4  5  6  7  8  9 10 11 12 13 14 |
---------------+-------------------------------------------+-----
Shields        | 4 5 6 7 8 11 13 | 13.7
Fighting       | 4 5 6 7 8 10 11 13 15 17 | 17.1
Armour         | 4 5 6 7 8 9 10 11 12 14 16 | 16.5
Dodging        | 1 2 3 5 7 8 |  8.0
Maces & Flails | 5 7 10 12 14 16 | 16.0

Action                     |  1- 3 |  4- 6 |  7- 9 | 10-12 | 13-15 || total
---------------------------+-------+-------+-------+-------+-------++-------
  Melee: Flail             |   103 |   113 |   224 |   488 |  1039 ||  1967
         Headbutt          |     6 |    15 |    43 |   123 |   277 ||   464
  Throw: Dart              |       |       |       |     5 |       ||     5
 Invoke: Sacrifice Words   |       |       |     1 |       |       ||     1
         Sacrifice Artific |       |       |     1 |       |       ||     1
         Power Leap        |       |       |       |     1 |     3 ||     4
         Sacrifice Purity  |       |       |       |     1 |       ||     1
         Reject Sacrifices |       |       |       |     1 |     1 ||     2
         Sacrifice Essence |       |       |       |       |     1 ||     1
         Draw Out Power    |       |       |       |       |     1 ||     1
    Use: Scroll            |       |     5 |    12 |     6 |     1 ||    24
         Potion            |       |     2 |       |     2 |     6 ||    10
   Stab: Distracted        |       |       |       |     2 |     3 ||     5
         Invisible         |       |       |       |     1 |     4 ||     5
 Armour: Scale mail        |    74 |    64 |    63 |       |       ||   201
         Chain mail        |       |       |    80 |   257 |   659 ||   996
  Dodge: Dodged            |    59 |    54 |    66 |   126 |   417 ||   722
  Block: Buckler           |    22 |    25 |    45 |    92 |   304 ||   488
